 Dungeon Crawl Stone Soup version 0.22-a0-499-g80674aa (webtiles) character file.

96 Figureslego113 the Magician (level 4, -5/30 HPs)
             Began as a Hermit Crab Wizard on Oct 10, 2018.
             Slain by a gnoll
             ... wielding a +0 halberd
              (12 damage)
             ... on level 2 of the Dungeon.
             The game lasted 00:08:46 (1963 turns).

Figureslego113 the Magician (Hermit Crab Wizard)    Turns: 1963, Time: 00:08:46

Health: -5/30      AC:  3    Str:  7    XL:     4   Next: 67%
Magic:  0/12       EV: 12    Int: 22    God:
Gold:   12         SH:  0    Dex:  9    Spells: 13/14 levels left

rFire    . . .     SeeInvis .   (no weapon)
rCold    . . .     Gourm    .   (no shield)
rNeg     . . .     Faith    .   k - +0 leather armour
rPois    .         Spirit   +   (helmet unavailable)
rElec    .         Reflect  .   (no cloak)
rCorr    .         Harm     .   (gloves unavailable)
MR       .....                  (boots unavailable)
Stlth    +.........             g - amulet of guardian spirit
HPRegen  0.10/turn              (no ring)
MPRegen  0.13/turn              (no ring)

@: flying
A: pincers, sturdy frame 3
a: no special abilities


You were on level 2 of the Dungeon.
You were very hungry.

You visited 1 branch of the dungeon, and saw 2 of its levels.

You collected 12 gold pieces.

Inventory:

Armour
 k - a +0 leather armour (worn)
Jewellery
 g - an amulet of guardian spirit (around neck)
Potions
 d - a potion of might {unknown}
 h - a potion of lignification {unknown}
 m - a potion of cancellation
Books
 b - a book of Minor Magic

   Spells                             Type                      Level
   a - Magic Dart                     Conjuration                  1
   b - Blink                          Translocation                2
   c - Call Imp                       Summoning                    2
   d - Slow                           Hexes                        2
   e - Conjure Flame                  Conjuration/Fire             3
   f - Mephitic Cloud                 Conjuration/Poison/Air       3
Comestibles
 c - 3 rations


   Skills:
 + Level 1.1 Armour
 - Level 2.1 Dodging
 - Level 2.0 Stealth
 + Level 5.9 Spellcasting
 + Level 2.3 Conjurations
   Level 1.1 Summonings
   Level 1.1 Translocations


You had 13 spell levels left.
You knew the following spells:

 Your Spells              Type           Power        Failure   Level  Hunger
a - Magic Dart            Conj           ###.         3%          1    None


Dungeon Overview and Level Annotations

Branches:
Dungeon (2/15)

Altars:
Sif Muna


Innate Abilities, Weirdness & Mutations

Your physical structure is perfection and can not be permanently altered.
You have pincers for hands.
Your movements are significantly less encumbered by armour. (ER -6)


Message History

Confirm with . or Enter, or press ? or * to list all spells.
Aiming: Magic Dart (safe; 3% risk of failure)
Press: ? - help, Shift-Dir - straight line, f/p - gnoll
Aim: a gnoll, wielding a halberd The magic dart hits the gnoll.
The gnoll is lightly wounded.
The gnoll hits you with a halberd!
* * * LOW HITPOINT WARNING * * *
Casting: Magic Dart (safe; 3% risk of failure)
Confirm with . or Enter, or press ? or * to list all spells.
Aiming: Magic Dart (safe; 3% risk of failure)
Press: ? - help, Shift-Dir - straight line, f/p - gnoll
Aim: a gnoll, wielding a halberd (lightly wounded)
The magic dart hits the gnoll.
The gnoll is moderately wounded.
The gnoll misses you.
It was a potion of flight.
You feel very buoyant.
You fly up into the air.
The gnoll hits you with a halberd!
You die...

#####.#..#..# ..#
#####.#..#..# #..#
...##.#.)#..# #..# #
...##.......###..#.#
...##............#.#
...##........#.....#
...##.#....g.....###
...##.#.####.#.#.g.#
...........#.#..@..#
#####.#.#.##.#######
# #.#.#.##........ #
#.#.#.########## #
#.#.#.# # #.#.#.# #
#.#.#.# # #.#.#.#
#####.#.#.###########


You could see a gnoll.

Vanquished Creatures
  3 gnolls
  4 adders (D:2)
  A worm (D:2)
  A dart slug (D:1)
  2 goblins
  3 hobgoblins
  5 bats
  5 frilled lizards
  4 kobolds
  8 rats
36 creatures vanquished.

Notes
Turn   | Place    | Note
-------+----------+-------------------------------------------
     0 | D:1      | Figureslego113 the Hermit Crab Wizard began the quest for the Orb.
     0 | D:1      | Reached XP level 1. HP: 13/13 MP: 6/6
   336 | D:1      | Reached XP level 2. HP: 12/19 MP: 0/8
  1016 | D:2      | Reached skill level 5 in Spellcasting
  1016 | D:2      | Reached XP level 3. HP: 14/24 MP: 0/10
  1410 | D:2      | Found a deep blue altar of Sif Muna.
  1522 | D:2      | Reached XP level 4. HP: 19/30 MP: 0/12
  1653 | D:2      | Reached skill level 1 in Armour
  1963 | D:2      | Slain by a gnoll

Vault maps used:
D:1:      dpeg_arrival_circle_labyrinth_a
D:2:      kennysheep_six_static_rooms, old_standard_altar, first_ration

Skill      XL: |  1  2  3  4 |
---------------+-------------+-----
Spellcasting   | 5 |  5.9
Conjurations   | 2 |  2.3
Armour         | 1 |  1.1
Dodging        | |  2.1
Stealth        | |  2.0
Summonings     | |  1.1
Translocations | |  1.1

Action                   |  1- 3 |  4- 6 || total
-------------------------+-------+-------++-------
Melee: Unarmed           |    28 |       ||    28
 Cast: Magic Dart        |    76 |    31 ||   107
  Use: Scroll            |     5 |     1 ||     6
       Potion            |     1 |     1 ||     2
  Eat: Chunk             |     2 |       ||     2
Armor: Robe              |     4 |       ||     4
       Leather armour    |     7 |     1 ||     8
Dodge: Dodged            |    27 |    14 ||    41

Table legend:
 A = Spawn XP
 B = Non-spawn XP
 C = Spawn XP percentage of total XP
 D = Spawn monster count
 E = Non-spawn monster count
 F = Spawn count percentage of total count
 G = Total turns spent on level
                    A         B        C        D         E        F      G
               +---------+---------+-------+---------+---------+-------+---------
         Total |       0 |     138 |   0.0 |       0 |      36 |   0.0 |  1963
               +---------+---------+-------+---------+---------+-------+---------
           D:1 |       0 |      38 |   0.0 |       0 |      19 |   0.0 |  1269
           D:2 |       0 |     100 |   0.0 |       0 |      17 |   0.0 |   694
               +---------+---------+-------+---------+---------+-------+---------
